TOP OF THE 1ST |
Bishop Verot HS batting - Pitching for Rocky Point HS Eagles : LHP Len Taylor
|
Pitching: LHP Len Taylor
|
|
Batting: LHB Jim Hall
|
0-0: Ball 1-0: TRIPLE (Flyball, 9LM)
|
Batting: LHB Pedro Padilla
|
0-0: Foul Ball, location: 2F 0-1: Ball 1-1: Called Strike 1-2: Ball 2-2: Foul Ball, location: 2F 2-2: Strikes out swinging
|
Batting: RHB Bob Fitzgerald
|
0-0: Foul Ball, location: 2F 0-1: Ball 1-1: Foul Ball, location: 2F 1-2: Foul Ball, location: 2F 1-2: Ball 2-2: Foul Ball, location: 2F 2-2: Ball 3-2: Base on Balls
|
Batting: RHB Stuart Mitchell
|
0-0: Ball 1-0: Foul Ball, location: 2F 1-1: Ball 2-1: Called Strike 2-2: Foul Ball, location: 2F 2-2: Foul Ball, location: 2F 2-2: Foul Ball, location: 2F 2-2: Foul Ball, location: 2F 2-2: Hit by Pitch Bob Fitzgerald to second
|
Batting: RHB Brian Bailey
|
0-0: Foul Ball, location: 2F 0-1: Swinging Strike 0-2: Strikes out swinging
|
Batting: RHB Chris Seals
|
0-0: Ball 1-0: Ball 2-0: Foul Ball, location: 2F 2-1: DOUBLE (Flyball, 8LXD) Jim Hall scores Bob Fitzgerald scores Stuart Mitchell to third
|
Batting: RHB Carlos Sánchez
|
0-0: Ball 1-0: Ball 2-0: Ball 3-0: Base on Balls
|
Batting: RHB George Lutz
|
0-0: Ball 1-0: Called Strike 1-1: Swinging Strike 1-2: Ball 2-2: Ball 3-2: Base on Balls Stuart Mitchell scores Chris Seals to third Carlos Sánchez to second
|
Batting: RHB Bill Ford
|
0-0: DOUBLE (Flyball, 78D) Chris Seals scores Carlos Sánchez scores George Lutz to third
|
Batting: LHB Jim Hall
|
0-0: Called Strike 0-1: Fly out, F4 (Line Drive, 4)
|
Top of the 1st over - 5 run(s), 3 hit(s), 0 error(s), 2 left on base; Bishop Verot HS 5 - Rocky Point HS 0 |
BOTTOM OF THE 1ST |
Rocky Point HS Eagles batting - Pitching for Bishop Verot HS : RHP Pete O'Connor
|
Pitching: RHP Pete O'Connor
|
|
Batting: RHB Fernando Pagán
|
0-0: Ground out 4-3 (Groundball, 4)
|
Batting: RHB Jim Sharry
|
0-0: Ball 1-0: Ball 2-0: Fly out, F8 (Line Drive, 8LM)
|
Batting: RHB Joe Lewis
|
0-0: Ball 1-0: Swinging Strike 1-1: Ball 2-1: Foul Ball, location: 2F 2-2: Ball 3-2: Base on Balls
|
Batting: RHB Pedro Cháves
|
0-0: Ball 1-0: Foul Ball, location: 2F 1-1: Foul Ball, location: 2F 1-2: Ball 2-2: Foul Ball, location: 2F 2-2: Ball 3-2: Base on Balls Joe Lewis to second
|
Batting: LHB Gus Price
|
0-0: Called Strike 0-1: Foul Ball, location: 2F 0-2: Ball 1-2: DOUBLE (Groundball, 3L) Joe Lewis scores Pedro Cháves to third
|
Batting: RHB John Lindsey
|
0-0: Ground out 5-3 (Groundball, 5)
|
Bottom of the 1st over - 1 run(s), 1 hit(s), 0 error(s), 2 left on base; Bishop Verot HS 5 - Rocky Point HS 1 |
TOP OF THE 2ND |
Bishop Verot HS batting - Pitching for Rocky Point HS Eagles : LHP Len Taylor
|
Batting: LHB Pedro Padilla
|
0-0: Ball 1-0: Foul Ball, location: 2F 1-1: Foul Ball, location: 2F 1-2: Foul Ball, location: 2F 1-2: Foul Ball, location: 2F 1-2: Ball 2-2: Foul Ball, location: 2F 2-2: Strikes out looking
|
Batting: RHB Bob Fitzgerald
|
0-0: Fly out, F8 (Line Drive, 8LS)
|
Batting: RHB Stuart Mitchell
|
0-0: Called Strike 0-1: Foul Ball, location: 2F 0-2: Ball 1-2: Strikes out swinging
|
Top of the 2nd over - 0 run(s), 0 hit(s), 0 error(s), 0 left on base; Bishop Verot HS 5 - Rocky Point HS 1 |
BOTTOM OF THE 2ND |
Rocky Point HS Eagles batting - Pitching for Bishop Verot HS : RHP Pete O'Connor
|
Batting: SHB Josh Conner
|
0-0: Called Strike 0-1: Ball 1-1: Foul Ball, location: 2F 1-2: Ground out U3 (Groundball, 3L)
|
Batting: LHB Rob Peterson
|
0-0: Ball 1-0: Ball 2-0: SOLO HOME RUN (Flyball, 89XD), Distance : 419 ft
|
Batting: RHB Ramón Garza
|
0-0: Ground out 5-3 (Groundball, 56)
|
Batting: RHB Fernando Pagán
|
0-0: Ball 1-0: SOLO HOME RUN (Flyball, 7D), Distance : 382 ft
|
Batting: RHB Jim Sharry
|
0-0: Foul Ball, location: 2F 0-1: Ball 1-1: Swinging Strike 1-2: DOUBLE (Line Drive, 89XD)
|
Batting: RHB Joe Lewis
|
0-0: Ball 1-0: Called Strike 1-1: Foul Ball, location: 2F 1-2: Foul Ball, location: 2F 1-2: Fly out, F9 (Flyball, 89M)
|
Bottom of the 2nd over - 2 run(s), 3 hit(s), 0 error(s), 1 left on base; Bishop Verot HS 5 - Rocky Point HS 3 |
TOP OF THE 3RD |
Bishop Verot HS batting - Pitching for Rocky Point HS Eagles : LHP Len Taylor
|
Batting: RHB Brian Bailey
|
0-0: Foul Ball, location: 2F 0-1: Foul Ball, location: 2F 0-2: Ball 1-2: SOLO HOME RUN (Flyball, 78XD), Distance : 423 ft
|
Batting: RHB Chris Seals
|
0-0: Foul Ball, location: 2F 0-1: Foul Ball, location: 2F 0-2: Ball 1-2: Strikes out looking
|
Batting: RHB Carlos Sánchez
|
0-0: Ball 1-0: SINGLE (Line Drive, 4)
|
Batting: RHB George Lutz
|
0-0: Called Strike 0-1: Ball 1-1: Ball 2-1: Fly out, F7 (Popup, 78S)
|
Batting: RHB Bill Ford
|
0-0: Called Strike 0-1: Foul Ball, location: 2F 0-2: Foul Ball, location: 2F 0-2: Fly out, F4 (Popup, 4MD)
|
Top of the 3rd over - 1 run(s), 2 hit(s), 0 error(s), 1 left on base; Bishop Verot HS 6 - Rocky Point HS 3 |
BOTTOM OF THE 3RD |
Rocky Point HS Eagles batting - Pitching for Bishop Verot HS : RHP Pete O'Connor
|
Batting: RHB Pedro Cháves
|
0-0: Ball 1-0: Foul Ball, location: 2F 1-1: Ball 2-1: SINGLE (Flyball, 89S)
|
Batting: LHB Gus Price
|
0-0: Called Strike 0-1: Called Strike 0-2: Ball 1-2: Foul Ball, location: 2F 1-2: Ball 2-2: Strikes out swinging
|
Batting: RHB John Lindsey
|
0-0: Called Strike 0-1: Ball 1-1: Fly out, F9 (Flyball, 89S)
|
Batting: SHB Josh Conner
|
0-0: Ball 1-0: Ball 2-0: Called Strike 2-1: Foul Ball, location: 2F 2-2: Ground out 4-3 (Groundball, 4)
|
Bottom of the 3rd over - 0 run(s), 1 hit(s), 0 error(s), 1 left on base; Bishop Verot HS 6 - Rocky Point HS 3 |
TOP OF THE 4TH |
Bishop Verot HS batting - Pitching for Rocky Point HS Eagles : LHP Len Taylor
|
Batting: LHB Jim Hall
|
0-0: SINGLE (Line Drive, 4MD)
|
Batting: LHB Pedro Padilla
|
0-0: Swinging Strike 0-1: Ground out 3-1 (Groundball, 34S) Jim Hall to second
|
Batting: RHB Bob Fitzgerald
|
0-0: Called Strike 0-1: Ground out 6-3 (Groundball, 6MS) Jim Hall to third
|
Pitching: RHP António Cordero
|
|
Batting: RHB Stuart Mitchell
|
0-0: Ball 1-0: Ball 2-0: Ball 3-0: Base on Balls
|
Batting: RHB Brian Bailey
|
0-0: Ground out 4-3 (Groundball, 4)
|
Top of the 4th over - 0 run(s), 1 hit(s), 0 error(s), 2 left on base; Bishop Verot HS 6 - Rocky Point HS 3 |
BOTTOM OF THE 4TH |
Rocky Point HS Eagles batting - Pitching for Bishop Verot HS : RHP Pete O'Connor
|
Batting: LHB Rob Peterson
|
0-0: Fly out, F8 (Flyball, 8LM)
|
Batting: RHB Ramón Garza
|
0-0: Ball 1-0: Ball 2-0: Ball 3-0: Called Strike 3-1: Foul Ball, location: 2F 3-2: Strikes out swinging
|
Batting: RHB Fernando Pagán
|
0-0: Ball 1-0: Ball 2-0: Called Strike 2-1: SINGLE (Groundball, 5S)
|
Batting: RHB Jim Sharry
|
0-0: Ball 1-0: Ball 2-0: Fly out, F8 (Flyball, 8LM)
|
Bottom of the 4th over - 0 run(s), 1 hit(s), 0 error(s), 1 left on base; Bishop Verot HS 6 - Rocky Point HS 3 |
TOP OF THE 5TH |
Bishop Verot HS batting - Pitching for Rocky Point HS Eagles : RHP António Cordero
|
Batting: RHB Chris Seals
|
0-0: Called Strike 0-1: Ball 1-1: Ball 2-1: SINGLE (Line Drive, 8RS)
|
Batting: RHB Carlos Sánchez
|
0-0: DOUBLE (Line Drive, 9LS) Chris Seals to third
|
Batting: RHB George Lutz
|
0-0: Foul Ball, location: 2F 0-1: Ball 1-1: Ball 2-1: Ball 3-1: Base on Balls
|
Batting: RHB Bill Ford
|
0-0: Ball 1-0: DOUBLE (Line Drive, 89M) Chris Seals scores Carlos Sánchez scores George Lutz to third
|
Batting: LHB Jim Hall
|
0-0: Ball 1-0: Ball 2-0: Called Strike 2-1: Foul Ball, location: 2F 2-2: SINGLE (Groundball, 4MD) George Lutz scores Bill Ford to third Runner from 3rd tries for Home, SAFE, throw made home
|
Batting: LHB Pedro Padilla
|
0-0: Ball 1-0: Fielders Choice at 2nd, 4-6 (Groundball, 4M)
|
Batting: RHB Bob Fitzgerald
|
0-0: Foul Ball, location: 2F 0-1: Swinging Strike 0-2: Ball 1-2: Grounds into double play, 5-4-3 (Groundball, 56)
|
Top of the 5th over - 4 run(s), 4 hit(s), 0 error(s), 0 left on base; Bishop Verot HS 10 - Rocky Point HS 3 |
BOTTOM OF THE 5TH |
Rocky Point HS Eagles batting - Pitching for Bishop Verot HS : RHP Pete O'Connor
|
Batting: RHB Joe Lewis
|
0-0: Ball 1-0: Called Strike 1-1: Ball 2-1: SINGLE (Groundball, 15S) (infield hit)
|
Batting: RHB Pedro Cháves
|
0-0: Called Strike 0-1: Swinging Strike 0-2: Ball 1-2: Fielders Choice at 2nd, 6-4 (Groundball, 6M)
|
Pitching: LHP Tony Molina
|
|
Batting: LHB Gus Price
|
0-0: Ball 1-0: Ball 2-0: Ball 3-0: Called Strike 3-1: Foul Ball, location: 2F 3-2: Fly out, F7 (Flyball, 7M)
|
Batting: RHB John Lindsey
|
0-0: Called Strike 0-1: Ball 1-1: Swinging Strike 1-2: Strikes out swinging
|
Bottom of the 5th over - 0 run(s), 1 hit(s), 0 error(s), 1 left on base; Bishop Verot HS 10 - Rocky Point HS 3 |
TOP OF THE 6TH |
Bishop Verot HS batting - Pitching for Rocky Point HS Eagles : RHP António Cordero
|
Pitching: LHP Billy Fox
|
|
Batting: RHB Stuart Mitchell
|
0-0: Foul Ball, location: 2F 0-1: Foul Ball, location: 2F 0-2: Ball 1-2: Fly out, F8 (Flyball, 8LM)
|
Batting: RHB Brian Bailey
|
0-0: Ball 1-0: Called Strike 1-1: DOUBLE (Line Drive, 7LS)
|
Batting: RHB Chris Seals
|
0-0: Ball 1-0: Called Strike 1-1: SINGLE (Groundball, 56D) Brian Bailey to third Runner from 3rd tries for Home, SAFE, throw made home Chris Seals to second
|
Batting: RHB Carlos Sánchez
|
0-0: Ground out 6-3 (Groundball, 6M) Chris Seals to third
|
Batting: RHB George Lutz
|
0-0: Foul Ball, location: 2F 0-1: SINGLE (Popup, 4S) Chris Seals scores
|
Batting: RHB Bill Ford
|
0-0: Called Strike 0-1: Ball 1-1: Ball 2-1: Swinging Strike 2-2: Fly out, F9 (Flyball, 9LM)
|
Top of the 6th over - 2 run(s), 3 hit(s), 0 error(s), 1 left on base; Bishop Verot HS 12 - Rocky Point HS 3 |
BOTTOM OF THE 6TH |
Rocky Point HS Eagles batting - Pitching for Bishop Verot HS : LHP Tony Molina
|
Batting: SHB Josh Conner
|
0-0: SINGLE (Groundball, 34D)
|
Batting: LHB Rob Peterson
|
0-0: Called Strike 0-1: Ball 1-1: Fly out, F7 (Flyball, 78M)
|
Batting: RHB Ramón Garza
|
0-0: Ball 1-0: Ball 2-0: Foul Ball, location: 2F 2-1: Foul Ball, location: 2F 2-2: Ball 3-2: Foul Ball, location: 2F 3-2: Base on Balls Josh Conner to second
|
Batting: RHB Fernando Pagán
|
0-0: Ball 1-0: Called Strike 1-1: SINGLE (Groundball, 6D) Josh Conner to third Ramón Garza to second
|
Batting: RHB Jim Sharry
|
0-0: Ball 1-0: SINGLE (Groundball, 6) Josh Conner scores Ramón Garza to third Fernando Pagán to second
|
Batting: RHB Joe Lewis
|
0-0: Called Strike 0-1: Swinging Strike 0-2: Ball 1-2: Fly out, F3 (Popup, 9LS)
|
Batting: RHB Pedro Cháves
|
0-0: Foul Ball, location: 2F 0-1: Foul Ball, location: 2F 0-2: SINGLE (Groundball, 5) Ramón Garza scores Fernando Pagán to third Jim Sharry to second Runner from 3rd tries for Home, SAFE, no throw or cutoff
|
Batting: LHB Gus Price
|
0-0: Fielders Choice at 2nd, U4 (Groundball, 4M)
|
Bottom of the 6th over - 3 run(s), 4 hit(s), 0 error(s), 2 left on base; Bishop Verot HS 12 - Rocky Point HS 6 |
TOP OF THE 7TH |
Bishop Verot HS batting - Pitching for Rocky Point HS Eagles : LHP Billy Fox
|
Batting: LHB Jim Hall
|
0-0: Called Strike 0-1: Ball 1-1: Ball 2-1: Foul Ball, location: 2F 2-2: Foul Ball, location: 2F 2-2: SINGLE (Groundball, 34D)
|
Batting: LHB Pedro Padilla
|
0-0: Ball 1-0: Sac Bunt - play at first, batter OUT! 1-4 Jim Hall to second
|
Batting: RHB Bob Fitzgerald
|
0-0: SINGLE (Line Drive, 34) Jim Hall to third Runner from 3rd tries for Home, SAFE, no throw or cutoff
|
Batting: RHB Stuart Mitchell
|
0-0: Fly out, F7 (Flyball, 7D)
|
Batting: RHB Brian Bailey
|
0-0: Foul Ball, location: 2F 0-1: Ball 1-1: Ball 2-1: Foul Ball, location: 2F 2-2: Ball 3-2: Strikes out swinging
|
Top of the 7th over - 1 run(s), 2 hit(s), 0 error(s), 1 left on base; Bishop Verot HS 13 - Rocky Point HS 6 |
BOTTOM OF THE 7TH |
Rocky Point HS Eagles batting - Pitching for Bishop Verot HS : LHP Tony Molina
|
Batting: RHB John Lindsey
|
0-0: Ball 1-0: SOLO HOME RUN (Flyball, 78XD), Distance : 419 ft
|
Pitching: RHP Nick Taylor
|
|
Batting: SHB Josh Conner
|
0-0: Fly out, F7 (Flyball, 7M)
|
Batting: LHB Rob Peterson
|
0-0: Ball 1-0: Reached on Error, E7 (Flyball, 7M)
|
Batting: RHB Ramón Garza
|
0-0: Ball 1-0: Ball 2-0: Called Strike 2-1: Swinging Strike 2-2: Ball 3-2: Foul Ball, location: 2F 3-2: Foul Ball, location: 2F 3-2: Foul Ball, location: 2F 3-2: Base on Balls Rob Peterson to second
|
Batting: RHB Fernando Pagán
|
0-0: Foul Ball, location: 2F 0-1: Ball 1-1: Ball 2-1: Grounds into double play, 6-4-3 (Groundball, 6)
|
Bottom of the 7th over - 1 run(s), 1 hit(s), 1 error(s), 1 left on base; Bishop Verot HS 13 - Rocky Point HS 7 |
TOP OF THE 8TH |
Bishop Verot HS batting - Pitching for Rocky Point HS Eagles : LHP Billy Fox
|
Pitching: RHP Joe Johnston
|
|
Batting: RHB Chris Seals
|
0-0: Ball 1-0: DOUBLE (Line Drive, 7D)
|
Batting: RHB Carlos Sánchez
|
0-0: Called Strike 0-1: Called Strike 0-2: Foul Ball, location: 2F 0-2: Ground out 6-3 (Groundball, 6)
|
Batting: RHB George Lutz
|
0-0: Foul Ball, location: 2F 0-1: Ball 1-1: Ball 2-1: Called Strike 2-2: Strikes out looking
|
Batting: RHB Bill Ford
|
0-0: Foul Ball, location: 2F 0-1: Foul Ball, location: 2F 0-2: Ball 1-2: Foul Ball, location: 2F 1-2: Strikes out swinging
|
Top of the 8th over - 0 run(s), 1 hit(s), 0 error(s), 1 left on base; Bishop Verot HS 13 - Rocky Point HS 7 |
BOTTOM OF THE 8TH |
Rocky Point HS Eagles batting - Pitching for Bishop Verot HS : RHP Nick Taylor
|
Batting: RHB Jim Sharry
|
0-0: Called Strike 0-1: Foul Ball, location: 2F 0-2: Ball 1-2: Foul Ball, location: 2F 1-2: DOUBLE (Line Drive, 8LS)
|
Batting: RHB Joe Lewis
|
0-0: Called Strike 0-1: Swinging Strike 0-2: Ground out 3-1 (Groundball, 3) Jim Sharry to third
|
Batting: RHB Pedro Cháves
|
0-0: Ball 1-0: Foul Ball, location: 2F 1-1: Swinging Strike 1-2: Ball 2-2: Foul Ball, location: 2F 2-2: Strikes out swinging
|
Batting: LHB Gus Price
|
0-0: Ball 1-0: Fly out, F7 (Flyball, 7S)
|
Bottom of the 8th over - 0 run(s), 1 hit(s), 0 error(s), 1 left on base; Bishop Verot HS 13 - Rocky Point HS 7 |
TOP OF THE 9TH |
Bishop Verot HS batting - Pitching for Rocky Point HS Eagles : RHP Joe Johnston
|
Batting: LHB Jim Hall
|
0-0: Ball 1-0: Ground out 4-3 (Groundball, 4)
|
Batting: LHB Pedro Padilla
|
0-0: Called Strike 0-1: Called Strike 0-2: Strikes out swinging
|
Batting: RHB Bob Fitzgerald
|
0-0: Ball 1-0: Ball 2-0: Ball 3-0: Called Strike 3-1: Foul Ball, location: 2F 3-2: Fly out, F7 (Flyball, 7M)
|
Top of the 9th over - 0 run(s), 0 hit(s), 0 error(s), 0 left on base; Bishop Verot HS 13 - Rocky Point HS 7 |
BOTTOM OF THE 9TH |
Rocky Point HS Eagles batting - Pitching for Bishop Verot HS : RHP Nick Taylor
|
Pitching: RHP Jacob Wallace
|
|
Batting: RHB John Lindsey
|
0-0: Called Strike 0-1: Ball 1-1: Ball 2-1: Ball 3-1: Base on Balls
|
Batting: SHB Josh Conner
|
0-0: Called Strike 0-1: Ball 1-1: Ball 2-1: Foul Ball, location: 2F 2-2: Ball 3-2: Base on Balls John Lindsey to second
|
Batting: LHB Rob Peterson
|
0-0: TRIPLE (Flyball, 9LD) John Lindsey scores Josh Conner scores
|
Batting: RHB Ramón Garza
|
0-0: Swinging Strike 0-1: Foul Ball, location: 2F 0-2: Hit by Pitch
|
Batting: RHB Fernando Pagán
|
0-0: Called Strike 0-1: Ball 1-1: Ball Wild Pitch! Rob Peterson scores Ramón Garza to second 2-1: Swinging Strike 2-2: Ball 3-2: SINGLE (Groundball, 25) (infield hit) Ramón Garza to third
|
Batting: RHB Jim Sharry
|
0-0: Ball Wild Pitch! Ramón Garza scores Fernando Pagán to second 1-0: Called Strike 1-1: Called Strike 1-2: Fly out, F9 (Flyball, 89XD) Runner from 2nd tags up, SAFE at 3rd, no throw
|
Batting: RHB Joe Lewis
|
0-0: Ball 1-0: Ball 2-0: Ball 3-0: Called Strike 3-1: Base on Balls
|
Pinch Hitting: SHB Andrés Coronado
|
0-0: Ball 1-0: Ball 2-0: Ball 3-0: Called Strike 3-1: Called Strike 3-2: Fly out, F9 (Line Drive, 9S)
|
Batting: LHB Gus Price
|
0-0: Swinging Strike 0-1: Called Strike 0-2: Ball 1-2: Ball 2-2: Strikes out swinging
|
Bottom of the 9th over - 4 run(s), 2 hit(s), 0 error(s), 2 left on base; Bishop Verot HS 13 - Rocky Point HS 11 |
|